 Dungeon Crawl Stone Soup version 0.29.1-2-gbd0b4ee654 (webtiles) character file.

Game seed: 5601871203104874945

321 Ihaveafatcat the Chopper (level 6, -7/55 HPs)
             Began as a Hill Orc Fighter on Nov 14, 2022.
             Was an Initiate of Nemelex Xobeh.
             Mangled by a gnoll
             ... wielding a +0 halberd
             ... led by a gnoll bouda
              (13 damage)
             ... on level 4 of the Dungeon.
             The game lasted 00:11:57 (4841 turns).

Ihaveafatcat the Chopper (Hill Orc Fighter)         Turns: 4841, Time: 00:11:58

Health: -7/55      AC:  8    Str: 21    XL:     6   Next: 46%
Magic:  6/6        EV:  9    Int: 14    God:    Nemelex Xobeh [......]
Gold:   190        SH:  4    Dex: 10    Spells: 5/5 levels left

rFire   x . .      SeeInvis .   a - +1 war axe
rCold   + . .      Faith    .   c - +0 buckler
rNeg    . . .      Spirit   .   b - +0 scale mail
rPois   .          Reflect  .   (no helmet)
rElec   .          Harm     .   (no cloak)
rCorr   .          Rampage  .   f - +0 pair of gloves
Will    .....                   (no boots)
Stlth   ..........              (no amulet)
HPRegen 0.18/turn               p - +6 ring of intelligence
MPRegen 0.10/turn               k - ring of ice

@: mighty
A: no striking features
a: Renounce Religion, Draw Escape, Draw Destruction, Draw Summoning


You were on level 4 of the Dungeon.
You worshipped Nemelex Xobeh.
Nemelex Xobeh was noncommittal.
You visited 2 branches of the dungeon, and saw 5 of its levels.

You collected 190 gold pieces.

Inventory:

Hand Weapons
 a - a +1 war axe (weapon)
Armour
 b - a +0 scale mail (worn)
 c - a +0 buckler (worn)
 f - a +0 pair of gloves (worn)
Jewellery
 k - a ring of ice (right hand)
 p - a +6 ring of intelligence (left hand)
Wands
 e - a wand of roots (7)
Scrolls
 h - a scroll of poison {unknown}
 j - 2 scrolls of magic mapping
 l - 3 scrolls of teleportation
Potions
 g - a potion of flight {unknown}
 m - 3 potions of brilliance


   Skills:
 + Level 4.8 Fighting
 + Level 5.8 Axes
 + Level 4.8 Armour
 + Level 1.1 Dodging
 + Level 0.3 Stealth
 + Level 3.7 Shields


You had 5 spell levels left.
You didn't know any spells.
Your spell library contained the following spells:

 Spells                   Type           Power      Damage    Failure   Level
 Ozocubu's Armour         Ice            0%         N/A       96%         3
 Petrify                  Tmut/Erth      0%         N/A       100%        4
 Metabolic Englaciation   Hex/Ice        0%         N/A       100%        5
 Statue Form              Tmut/Erth      0%         N/A       100%        6
 Ozocubu's Refrigeration  Ice            0%         4d7       100%        7


Dungeon Overview and Level Annotations

Branches:
Dungeon (4/15)             Temple (1/1) D:4

Altars:
Ashenzari
Dithmenos
Elyvilon
Fedhas
Kikubaaqudgha
Makhleb
Nemelex Xobeh
Sif Muna
Trog
Uskayaw
Vehumet
Wu Jian
Xom
Zin

Shops:
D:4 (

Annotations:
D:3 1 runed translucent door, boopmooplesden's ghost, amateur MiFi
D:4 3 runed translucent doors, Barsook's ghost, amateur DsBe; funnyparkerb's ghost, amateur TrFi; unlimited1921's ghost, amateur DjFE


Message History

You closely miss the gnoll bouda. You closely miss the gnoll.
You block the gnoll bouda's attack. The gnoll hits you with a +0 spear.
The gnoll hits you from afar with a +0 halberd.
You slash the gnoll bouda!
The gnoll bouda is moderately wounded.
You hit the gnoll but do no damage.
The gnoll bouda hits you but does no damage.
You block the gnoll's attack.
The gnoll hits you from afar with a +0 halberd!
The gnoll bouda hits you with a +0 whip.
* * * LOW HITPOINT WARNING * * *
The gnoll hits you with a +0 spear.
* * * LOW HITPOINT WARNING * * *
You feel very mighty all of a sudden. The gnoll barely misses you.
You block the gnoll bouda's attack. The gnoll barely misses you.
You are too injured to fight recklessly!
You are too injured to fight recklessly!
You are too injured to fight recklessly!
You slash the gnoll!
You kill the gnoll!
You slash the gnoll bouda!
You kill the gnoll bouda!
The gnoll barely misses you. You block the gnoll's attack.
You are too injured to fight recklessly!
You are too injured to fight recklessly!
You are too injured to fight recklessly!
You are too injured to fight recklessly!
Your attacks no longer feel as feeble.
The gnoll is no longer moving quickly.
The gnoll hits you from afar with a +0 halberd!
* * * LOW HITPOINT WARNING * * *
Things that are here:
a +0 spear; a gnoll corpse You block the gnoll's attack.
You hit the gnoll.
The gnoll is heavily wounded.
The gnoll hits you with a +0 halberd!
You die...
Your body disappears without a glow.

#.......#### ########'##
#.........# #.........#
#.........# +.........#
############.........#
.............########...
......g@)....# ...
.......)...).# ...
...........!.# ...
.............# ..
.............# .
.............#
.............#
.............#
..###########


You could see a gnoll.

Vanquished Creatures
  A necrophage (D:4)
  A hound (D:4)
  A gnoll bouda (D:4)
  An iguana (D:4)
  2 gnolls (D:4)
  6 adders
  A white imp (D:3)
  2 worms
  3 dart slugs
  5 orcs (D:4)
  9 endoplasms
  5 giant cockroaches
  6 hobgoblins
  4 jackals
  A quokka (D:2)
  7 ball pythons
  6 bats
  5 frilled lizards
  6 goblins
  8 kobolds
  5 rats
85 creatures vanquished.

Vanquished Creatures (others)
  4 withered plants (D:4)
4 creatures vanquished.

Grand Total: 89 creatures vanquished

Notes
Turn   | Place    | Note
-------+----------+-------------------------------------------
     0 | D:1      | Ihaveafatcat the Hill Orc Fighter began the quest for the
                  | Orb.
     0 | D:1      | Reached XP level 1. HP: 19/19 MP: 1/1
   253 | D:1      | Reached XP level 2. HP: 27/27 MP: 2/2
   387 | D:1      | Reached XP level 3. HP: 33/33 MP: 3/3
   491 | D:1      | Reached skill level 3 in Axes
   712 | D:1      | Found a faded altar of an unknown god.
  1595 | D:2      | Reached XP level 4. HP: 41/41 MP: 4/4
  2147 | D:3      | Reached skill level 4 in Axes
  2832 | D:3      | Found a runed translucent door.
  2832 | D:3      | Noticed boopmooplesden's ghost (amateur MiFi)
  3355 | D:4      | Noticed a necrophage
  3372 | D:3      | Reached XP level 5. HP: 36/47 MP: 5/5
  3455 | D:4      | Reached skill level 5 in Axes
  3455 | D:4      | Reached skill level 1 in Dodging
  3788 | D:4      | Reached XP level 6. HP: 48/55 MP: 6/6
  3810 | D:4      | Found a runed translucent gate.
  3875 | D:4      | Found a staircase to the Ecumenical Temple.
  3898 | Temple   | Entered the Ecumenical Temple
  4529 | Temple   | Became a worshipper of Nemelex Xobeh the Trickster
  4657 | D:4      | Found a runed translucent gate.
  4658 | D:4      | Found a runed translucent gate.
  4659 | D:4      | Noticed funnyparkerb's ghost (amateur TrFi)
  4659 | D:4      | Noticed unlimited1921's ghost (amateur DjFE)
  4659 | D:4      | Noticed Barsook's ghost (amateur DsBe)
  4758 | D:4      | Found Rearusat's Antique Weapon Emporium.
  4841 | D:4      | Mangled by a gnoll

Illustrated notes

Levels and vault maps discovered:
D:1:      nicolae_arrival_memento_mori, layout_rooms, serial_co_window_serial,
          co_window_of_opportunity_a, co_window_paths_a,
          co_window_of_opportunity_a, co_window_of_opportunity_a,
          co_window_paths_b, co_window_corner_ca, co_window_paths_c,
          co_window_unsneaky_path_b, co_window_sun, glass_columns_b,
          glass_columns_a, shapermc_ecumenical_altar_pompeii,
          minmay_misc_feat_alley, minmay_misc_feat_diagonals,
          kennysheep_small_spiral, glass_columns_a
D:2:      layout_basic
D:3:      layout_basic, gammafunk_ghost_grave, minivault_5,
          hangedman_decor_clover_reticule
D:4:      layout_gridville, minmay_temple_entry_large_hall, serial_shops,
          nicolae_shop_stone, gammafunk_ghost_cemetery, dk_noncrumbling_3
Temple:   minmay_temple_curvy_branch

Skill      XL: |  1  2  3  4  5 |
---------------+----------------+-----
Fighting       | 4 |  4.8
Axes           | 3 4 5 |  5.8
Armour         | 4 |  4.8
Dodging        | 1 |  1.1
Stealth        | |  0.3
Shields        | |  3.7

Action                   |  1- 3 |  4- 6 || total
-------------------------+-------+-------++-------
Melee: War axe           |    93 |   130 ||   223
  Use: Scroll            |       |    11 ||    11
       Potion            |       |     5 ||     5
Armor: Scale mail        |    56 |    64 ||   120
Dodge: Dodged            |    68 |    65 ||   133
Block: Buckler           |    20 |    36 ||    56
